 Dungeon Crawl Stone Soup version 0.19.0-16-g73b5abf (webtiles) character file.

303 KarmaPolice the Shooter (level 6, 0/42 HPs)
             Began as a Halfling Hunter on Nov 10, 2016.
             Was an Initiate of Okawaru.
             Slain by an orc
             ... wielding a cursed +0 flail
              (7 damage)
             ... on level 4 of the Dungeon.
             The game lasted 00:11:01 (5050 turns).

KarmaPolice the Shooter (Halfling Hunter)           Turns: 5050, Time: 00:11:03

Health: 0/42       AC:  3    Str: 13    XL:     6   Next: 66%
Magic:  7/7        EV: 14    Int:  9    God:    Okawaru [......]
Gold:   207        SH:  0    Dex: 17    Spells: 0 memorised, 5 levels left

rFire  . . .     SeeInvis .     d - +0 dagger (drain)
rCold  . . .     Gourm    .     c - +0 leather armour
rNeg   . . .     Faith    .     (shield restricted)
rPois  .         Spirit   .     (no helmet)
rElec  .         Reflect  .     (no cloak)
rCorr  .         Harm     .     (no gloves)
MR     +....                    (no boots)
Stlth  ++........               (no amulet)
                                (no ring)
                                n - ring of protection from magic

@: drained
A: mutation resistance 1
a: Renounce Religion


You were on level 4 of the Dungeon.
You worshipped Okawaru.
Okawaru was noncommittal.
You were not hungry.

You visited 1 branch of the dungeon, and saw 4 of its levels.

You collected 207 gold pieces.

Inventory:

Hand Weapons
 a - a +1 shortbow
 b - a +0 short sword
 d - a +0 dagger of draining (weapon)
 y - a +0 blowgun
Missiles
 z - 19 poisoned needles
Armour
 c - a +0 leather armour (worn)
Jewellery
 n - a ring of protection from magic (left hand)
 r - an uncursed ring of protection from magic
 x - an uncursed ring of magical power {unknown}
Scrolls
 e - 6 scrolls of identify {unknown}
 g - 5 scrolls of noise {unknown}
 l - 3 scrolls of teleportation {unknown}
 m - a scroll of recharging {unknown}
 p - 3 scrolls of remove curse {unknown}
 w - 2 scrolls of blinking {unknown}
Potions
 h - 3 potions of flight {unknown}
 i - a potion of heal wounds {unknown}
 j - a potion of brilliance {unknown}
 k - a potion of cure mutation {unknown}
 q - a potion of magic {unknown}
 s - 2 potions of curing {unknown}
 t - a potion of agility {unknown}
 u - a potion of invisibility {unknown}
Comestibles
 f - 2 bread rations
 o - a meat ration
 v - 3 chunks of flesh


   Skills:
 + Level 3.2(3.0) Fighting
 + Level 4.2(3.9) Short Blades
 + Level 5.8(5.5) Bows
 - Level 2.1(1.9) Dodging
 - Level 1.1(0.8) Stealth
 + Level 1.6(1.4) Invocations


You had 5 spell levels left.
You didn't know any spells.

Dungeon Overview and Level Annotations

Branches:
Dungeon (4/15)
 Temple: D:4-7

Altars:
Okawaru
Yredelemnul


Innate Abilities, Weirdness & Mutations

You are small and have problems with some larger weapons.
You are somewhat resistant to further mutation.


Message History

Okawaru accepts your kill. The orc hits you with a flail.
* * * LOW HITPOINT WARNING * * *
Firing (i - inventory): No suitable missiles.
Press: ? - help, Shift-Dir - straight line, f - orc
Aim: an orc, wielding a flail
Okay, then.
Firing (i - inventory): No suitable missiles.
Press: ? - help, Shift-Dir - straight line, f/p - orc
Aim: an orc, wielding a flail
Okay, then.
The orc closely misses you.
Things that are here:
a dagger of draining; 9 arrows
d - a dagger of draining Wield which item (- for none, * to show all)? (? for menu, Esc to quit)
You sense an unholy aura.
d - a +0 dagger of draining (weapon)
The orc hits you with a flail!
You die...

## # .. ## #.
.#####
...#.###.#(@o#
#......h#.#<#
#......##.###
#.....o.....#
#.%.....#...#
#.......#####
#######.. ####


You could see an orc.

Vanquished Creatures
  2 orc priests (D:3)
  A hound (D:3)
  An orc wizard (D:4)
  2 gnolls
  4 adders
  3 oozes
  3 worms
  2 dart slugs (D:2)
  6 leopard geckos
  10 orcs
  4 bats
  4 giant cockroaches (D:2)
  7 goblins
  14 hobgoblins
  12 jackals
  3 kobolds
  2 quokkas
  7 frilled lizards
  3 rats
90 creatures vanquished.

Vanquished Creatures (others)
  A hound (D:4)
  An adder (D:4)
2 creatures vanquished.

Grand Total: 92 creatures vanquished

Notes
Turn   | Place    | Note
-------+----------+-------------------------------------------
     0 | D:1      | KarmaPolice the Halfling Hunter began the quest for the Orb.
     0 | D:1      | Reached XP level 1. HP: 14/14 MP: 1/1
   143 | D:1      | Reached skill level 1 in Short Blades
   143 | D:1      | Reached XP level 2. HP: 19/19 MP: 2/2
   751 | D:1      | Reached XP level 3. HP: 19/24 MP: 3/3
  1191 | D:2      | Reached XP level 4. HP: 28/30 MP: 4/4
  1689 | D:2      | Reached skill level 5 in Bows
  2280 | D:2      | Reached XP level 5. HP: 26/35 MP: 5/5
  2822 | D:2      | Found an iron altar of Okawaru.
  2858 | D:2      | Became a worshipper of Warmaster Okawaru
  3732 | D:3      | Reached XP level 6. HP: 27/42 MP: 6/6
  3919 | D:3      | Reached skill level 1 in Invocations
  4058 | D:3      | Found a basalt altar of Yredelemnul.
  4307 | D:3      | HP: 2/42 [orc/club (2)]
  5050 | D:4      | Slain by an orc

Skill      XL: |  1  2  3  4  5  6 |
---------------+-------------------+-----
Short Blades   | 1 2 3 4 |  4.2
Fighting       | 2 3 |  3.2
Bows           | 5 |  5.8
Invocations    | 1 |  1.6
Dodging        | |  2.1
Stealth        | |  1.1

Action                   |  1- 3 |  4- 6 || total
-------------------------+-------+-------++-------
Melee: Short sword       |    93 |   195 ||   288
 Fire: Shortbow          |    33 |   140 ||   173
       Blowgun           |       |     4 ||     4
 Stab: Sleeping          |     1 |     1 ||     2
  Eat: Chunk             |       |    13 ||    13
Armor: Leather armour    |    15 |    51 ||    66
Dodge: Dodged            |    96 |   268 ||   364
